Map: Dreamcatcher LE

Players

Vlign - Winner!

  • Race: Terran Terran
  • League: Diamond
  • Spawn Location: 5:00

VOD

Have the link to the VOD?

Description

Time

  • Played on: July 2, 2018, 5:23 a.m.
  • Length: 10:29
Show
View Real Time Build Order
Export as new Build Order

Vlign Terran - Winner!

Build Orders:  

Get SALT Encoding   

  12  0:01  SCV  
  13  0:18  SCV  
  14  0:26  Supply Depot  
  14  0:35  SCV  
  15  0:41  Refinery  
  15  0:56  SCV  
  16  1:05  Barracks  
  16  1:13  SCV  
  17  1:30  SCV  
  18  1:47  SCV  
  19  2:10  Orbital Command  
  19  2:17  Reaper  
  20  2:28  Command Center  
  20  2:36  Refinery  
  20  2:47  Supply Depot  
  20  2:52  SCV  
  20  2:57  Barracks Reactor  
  21  3:13  SCV  
  22  3:25  Factory  
  22  3:29  Barracks  
  22  3:31  SCV  
  23  3:47  Engineering Bay  
  23  3:48  SCV  
  24  3:51  Marine  
  24  3:55  Marine  
  26  4:10  Orbital Command  
  26  4:18  SCV  
  27  4:23  Marine x2  
  29  4:32  Terran Infantry Weapons Level 1  
  29  4:36  Barracks Tech Lab  
  29  4:43  SCV  
  30  4:55  SCV  
  30  4:56  Starport  
  31  5:01  Stimpack  
  31  5:04  Widow Mine  
  31  5:06  Marine  
  31  5:08  Marine  
  33  5:12  Marine  
  33  5:19  SCV  
  37  5:22  SCV  
  38  5:30  Marine  
  38  5:33  Marine  
  38  5:37  Marine  
  41  5:44  Supply Depot  
  41  5:45  Factory Reactor  
  41  5:46  Medivac  
  43  5:51  SCV  
  43  5:55  Marine  
  43  5:58  Marine  
  46  6:04  Supply Depot  
  46  6:14  SCV, Marine  
  46  6:15  SCV  
  46  6:18  Supply Depot  
  49  6:23  Marine  
  49  6:24  Marine  
  51  6:39  Widow Mine, Marine  
  52  6:45  Medivac x2  
  52  6:47  Factory Reactor, Marine  
  52  6:49  Marine  
  60  7:04  Marine  
  61  7:10  Command Center  
  61  7:12  Marine  
  61  7:14  Marine  
  63  7:29  Marine  
  64  7:34  SCV  
  64  7:35  SCV  
  64  7:37  Marine  
  67  7:42  Terran Infantry Armor Level 1  
  67  7:51  Unknown, SCV  
  67  7:52  SCV  
  67  7:55  Supply Depot  
  67  7:57  Supply Depot  
  52  8:49  Unknown  
  51  9:15  Unknown  
  51  9:43  Unknown  
  51  10:09  Unknown  
Tags
 
League
Diamond
Matchup
Co-op
Replay Pack
replaypack1
Add a new tag
Caveats
  • Supply blocks, unpowered buildings, or Contaminate may cause inaccurate times.
  • Supply counts are checked every 10 seconds.